 Dungeon Crawl Stone Soup version 0.22-a0-605-g9281fa2 (webtiles) character file.

112 theguy1 the Chopper (level 4, 0/41 HPs)
             Began as a Minotaur Berserker on July 8, 2018.
             Was a Believer of Trog.
             Slain by an orc priest
             ... wielding a +0 club
              (2 damage)
             ... on level 3 of the Dungeon.
             The game lasted 00:06:32 (1615 turns).

theguy1 the Chopper (Minotaur Berserker)            Turns: 1615, Time: 00:06:33

Health: 0/41       AC:  5    Str: 22    XL:     4   Next: 64%
Magic:  3/3        EV: 12    Int:  4    God:    Trog [**....]
Gold:   120        SH:  0    Dex: 10    Spells: 3/3 levels left

rFire    . . .     SeeInvis .   a - +0 hand axe
rCold    . . .     Gourm    .   (no shield)
rNeg     . . .     Faith    .   h - +0 ring mail
rPois    .         Spirit   .   (helmet restricted)
rElec    .         Reflect  .   (no cloak)
rCorr    .         Harm     .   (no gloves)
MR       .....                  (no boots)
Stlth    ..........             (no amulet)
HPRegen  0.13/turn              (no ring)
MPRegen  0.08/turn              (no ring)

@: no status effects
A: retaliatory headbutt, horns 2
a: Berserk, Trog's Hand, Renounce Religion


You were on level 3 of the Dungeon.
You worshipped Trog.
Trog was pleased with you.
You were not hungry.

You visited 1 branch of the dungeon, and saw 3 of its levels.

You collected 120 gold pieces.

Inventory:

Hand Weapons
 a - a +0 hand axe (weapon)
Armour
 h - a +0 ring mail (worn)
 n - a +0 ring mail
Wands
 g - a wand of digging (9)
Scrolls
 b - a scroll of fear {unknown}
 e - a scroll of remove curse {unknown}
 j - 2 scrolls of identify
 k - a scroll of teleportation {unknown}
Potions
 d - 2 potions of flight
 l - a potion of agility {unknown}
 m - a potion of might {unknown}
Comestibles
 c - 2 rations


   Skills:
 + Level 4.3 Fighting
 * Level 5.0 Axes
 + Level 3.3 Armour
 + Level 3.1 Dodging


You had 3 spell levels left.
You didn't know any spells.
Your spell library was empty.

Dungeon Overview and Level Annotations

Branches:
Dungeon (3/15)

Altars:
Hepliaklqana
Xom
Zin


Innate Abilities, Weirdness & Mutations

You reflexively headbutt those who attack you in melee.
You have a pair of horns on your head.


Message History

The hobgoblin hits you but does no damage.
All of the chunks of flesh in your inventory have rotted away.
You closely miss the hobgoblin.
The hobgoblin is severely wounded.
You hit the orc priest but do no damage.
You hit the orc.
The orc priest hits you but does no damage.
The orc closely misses you. The hobgoblin closely misses you.
You furiously retaliate!
You headbutt the hobgoblin.
You kill the hobgoblin!
Trog accepts your kill.
You slash the orc priest! Your headbutt misses the orc priest.
The orc priest is heavily wounded.
You hit the orc. The orc priest hits you with a club.
* * * LOW HITPOINT WARNING * * *
The orc hits you but does no damage.
You barely miss the orc priest.
The orc priest is heavily wounded.
You barely miss the orc. The orc priest hits you with a club.
You die...

#.#...........((..#
#.................#
##............(...###
#...................
#.........#####.....
##........# #...).
#.##.##### #..... #
#..#.# #.....
#...####@#.### ######
#....o[o...#
._...........#
#.#.......>..#
.............#
.............#
.............#
.........#.###
...#####.#.#


You could see an orc priest and an orc.

Vanquished Creatures
  A bullfrog zombie (D:2)
  3 adders
  An ooze (D:2)
  2 worms
  3 dart slugs
  3 leopard geckos
  3 orcs (D:3)
  2 giant cockroaches
  A goblin (D:3)
  4 hobgoblins
  4 kobolds
  A ball python (D:3)
  2 bats
  2 frilled lizards
  5 rats
37 creatures vanquished.

Notes
Turn   | Place    | Note
-------+----------+-------------------------------------------
     0 | D:1      | theguy1 the Minotaur Berserker began the quest for the Orb.
     0 | D:1      | Reached XP level 1. HP: 19/19 MP: 0/0
   100 | D:1      | Reached XP level 2. HP: 23/27 MP: 1/1
   168 | D:1      | Reached skill level 4 in Axes
   579 | D:2      | Reached XP level 3. HP: 33/33 MP: 2/2
   704 | D:2      | Reached ** piety under Trog
   759 | D:2      | Reached XP level 4. HP: 24/40 MP: 3/3
  1064 | D:2      | Found a glowing silver altar of Zin.
  1064 | D:2      | Noticed an angel
  1065 | D:2      | Found a shimmering altar of Xom.
  1387 | D:3      | Reached skill level 5 in Axes
  1598 | D:3      | Found a hazy altar of Hepliaklqana.
  1614 | D:3      | HP: 2/41 [orc priest/club (5)]
  1615 | D:3      | Slain by an orc priest

Vault maps used:
D:1:      tarquinn_simple_flora_water_a
D:2:      grunt_temple_overflow_order_and_chaos_1
D:3:      lemuel_crystal_altar, lemuel_crystal_altar, uniq_sigmund

Skill      XL: |  1  2  3  4 |
---------------+-------------+-----
Axes           | 4 5 |  5.0
Fighting       | 4 |  4.3
Armour         | 3 |  3.3
Dodging        | 3 |  3.1

Action                   |  1- 3 |  4- 6 || total
-------------------------+-------+-------++-------
Melee: Hand axe          |    64 |    33 ||    97
       Headbutt          |    11 |     7 ||    18
  Use: Scroll            |       |     1 ||     1
  Eat: Chunk             |       |     2 ||     2
Armor: Animal skin       |     2 |       ||     2
       Ring mail         |    18 |    11 ||    29
       Leather armour    |     1 |       ||     1
Dodge: Dodged            |    32 |    25 ||    57

Table legend:
 A = Spawn XP
 B = Non-spawn XP
 C = Spawn XP percentage of total XP
 D = Spawn monster count
 E = Non-spawn monster count
 F = Spawn count percentage of total count
 G = Total turns spent on level
                    A         B        C        D         E        F      G
               +---------+---------+-------+---------+---------+-------+---------
         Total |       0 |     161 |   0.0 |       0 |      37 |   0.0 |  1615
               +---------+---------+-------+---------+---------+-------+---------
           D:1 |       0 |      23 |   0.0 |       0 |      10 |   0.0 |   407
           D:2 |       0 |      90 |   0.0 |       0 |      15 |   0.0 |   952
           D:3 |       0 |      48 |   0.0 |       0 |      12 |   0.0 |   256
               +---------+---------+-------+---------+---------+-------+---------
